Map: Caverne nascoste

Players

tArOkSCII

  • Race: Zerg Zerg

fun

  • Race: Terran Terran

Jhyrachy

  • Race: Protoss Protoss
  • League: Gold

Genka

  • Race: Terran Terran

Toshius

  • Race: Protoss Protoss

Roko

  • Race: Zerg Zerg

LexForza

  • Race: Protoss Protoss

Sturmgott

  • Race: Protoss Protoss
  • League: Platinum

VOD

Have the link to the VOD?

Description

Time

  • Played on: April 25, 2016, 6:33 a.m.
  • Length: 9:52
Show
View Real Time Build Order
Export as new Build Order

tArOkSCII Zerg 

Build Orders: Pool First 

Get SALT Encoding   

  12  0:01  Drone  
  13  0:08  Drone  
  14  0:18  Overlord  
  14  0:35  Spawning Pool  
  13  0:44  Drone  
  13  0:45  Drone  
  13  0:48  Extractor  
  14  0:51  Drone  
  15  1:01  Drone  
  16  1:07  Drone  
  17  1:21  Drone  
  17  1:23  Queen  
  20  1:42  Drone  
  20  1:45  Drone  
  22  1:50  Extractor  
  22  1:52  Hatchery  
  20  2:01  Drone  
  20  2:02  Drone  
  22  2:13  Overlord  
  22  2:20  Spore Crawler  
  22  2:22  Drone  
  22  2:23  Spore Crawler  
  21  2:33  Drone x3  
  24  2:40  Lair  
  24  2:44  Drone  
  25  3:02  Drone x2  
  25  3:05  Queen  
  29  3:07  Drone, Extractor  
  29  3:18  Drone  
  30  3:20  Drone x3  
  33  3:27  Overlord  
  33  3:32  Overlord  
  33  3:48  Spire  
  32  4:03  Drone  
  32  4:04  Drone x5  
  32  4:05  Drone  
  32  4:09  Extractor  
  38  4:15  Spore Crawler  
  38  4:16  Spore Crawler  
  36  4:17  Drone  
  36  4:19  Drone  
  36  4:20  Drone  
  39  4:26  Metabolic Boost  
  39  4:36  Zergling x4  
  39  4:37  Zergling x6  
  44  5:20  Hatchery  
  44  5:21  Overlord x4  
  43  5:37  Spore Crawler  
  43  5:40  Spore Crawler  
  43  5:41  Mutalisk x3  
  43  5:42  Mutalisk x5  
  52  6:21  Mutalisk x2  
  56  6:31  Drone x5  
  56  6:32  Drone x6  
  63  6:51  Spine Crawler  
  62  6:55  Spine Crawler  
  62  6:56  Spine Crawler  
  62  7:00  Mutalisk x4  
  70  7:35  Mutalisk x4  
  76  7:52  Mutalisk  
  76  7:53  Mutalisk  
  80  8:21  Extractor  
  80  8:24  Hatchery  
  46  8:58  Hydralisk Den  
  46  9:01  Roach Warren  
Show
View Real Time Build Order
Export as new Build Order

fun Terran 

Build Orders: Liberator Opening, Mech 

Get SALT Encoding   

  12  0:07  SCV  
  13  0:19  SCV  
  14  0:31  SCV  
  14  0:33  Refinery  
  14  0:34  Supply Depot  
  15  0:38  Refinery  
  15  0:58  Barracks  
  15  1:00  SCV  
  16  1:12  SCV  
  16  1:17  Supply Depot  
  17  1:24  SCV  
  18  1:36  SCV  
  19  2:07  Command Center  
  19  2:10  SCV  
  20  2:22  SCV  
  21  2:28  Factory  
  21  2:34  SCV  
  22  2:46  SCV  
  23  2:58  Engineering Bay  
  23  2:59  SCV  
  24  3:11  SCV  
  25  3:14  Widow Mine, Starport  
  27  3:21  SCV  
  28  3:30  Missile Turret  
  28  3:33  Orbital Command, SCV  
  29  3:36  Liberator  
  29  3:45  SCV  
  33  3:59  Supply Depot  
  33  4:00  Armory  
  33  4:06  Planetary Fortress  
  33  4:16  Factory Tech Lab  
  33  4:36  Widow Mine  
  35  4:45  Liberator, SCV  
  36  4:57  SCV  
  40  5:12  SCV  
  41  5:18  Terran Vehicle And Ship Armor Level 1, Drilling Claws  
  41  5:24  SCV  
  41  5:26  Supply Depot  
  42  5:36  SCV  
  42  5:41  Missile Turret x2  
  43  5:48  SCV  
  43  5:49  Supply Depot  
  44  6:12  Starport Tech Lab  
  44  6:27  Refinery  
  44  6:29  Liberator  
  44  6:33  Refinery  
  47  6:48  Factory  
  47  6:51  Factory  
  47  7:13  Siege Tank  
  50  7:20  SCV  
  51  7:32  SCV, Supply Depot  
  51  7:34  Supply Depot  
  47  7:44  SCV  
  47  7:53  Factory Tech Lab x2  
  47  7:55  Supply Depot  
  47  7:56  SCV  
  47  7:57  Supply Depot  
  48  7:59  Widow Mine  
  50  8:08  SCV  
  51  8:19  Supply Depot  
  51  8:20  SCV  
  51  8:21  Factory  
  52  8:28  Widow Mine, Thor  
  52  8:29  Thor  
  52  8:32  SCV  
  52  8:33  Hi-Sec Auto Tracking  
  67  8:42  Supply Depot x2  
  67  8:44  SCV  
  68  8:56  Widow Mine, SCV  
  68  9:01  Command Center  
  71  9:05  Supply Depot  
  71  9:06  Supply Depot  
  71  9:08  SCV  
  71  9:09  Factory Tech Lab  
  84  9:21  SCV  
  85  9:24  Armory  
  84  9:33  SCV  
Show
View Real Time Build Order
Export as new Build Order

Jhyrachy Protoss 

Build Orders: Forge Fast Expand (FFE) 

Get SALT Encoding   

  12  0:02  Probe (Chrono Boost)  
  13  0:13  Probe (Chrono Boost)  
  14  0:25  Probe (Chrono Boost), Pylon  
  15  0:43  Probe (Chrono Boost)  
  15  0:48  Forge  
  16  1:07  Pylon  
  16  1:24  Probe (Chrono Boost)  
  17  1:26  Assimilator  
  17  1:34  Probe (Chrono Boost)  
  18  1:41  Nexus  
  18  1:50  Probe (Chrono Boost)  
  19  2:01  Probe (Chrono Boost)  
  20  2:09  Assimilator  
  20  2:11  Probe (Chrono Boost)  
  21  2:17  Gateway  
  21  2:21  Pylon  
  21  2:31  Probe (Chrono Boost)  
  22  2:42  Probe (Chrono Boost)  
  23  2:49  Pylon  
  23  2:52  Probe (Chrono Boost)  
  24  3:07  Probe (Chrono Boost)  
  24  3:11  Probe (Chrono Boost)  
  26  3:17  Probe (Chrono Boost)  
  26  3:18  Photon Cannon  
  27  3:20  Photon Cannon  
  27  3:21  Probe (Chrono Boost)  
  27  3:26  Pylon  
  28  3:28  Probe (Chrono Boost)  
  28  3:32  Probe (Chrono Boost)  
  30  3:38  Probe (Chrono Boost)  
  31  3:42  Probe (Chrono Boost)  
  32  3:49  Probe (Chrono Boost)  
  32  3:53  Probe (Chrono Boost), Photon Cannon  
  32  3:55  Photon Cannon  
  33  4:12  Assimilator  
  33  4:15  Assimilator  
  33  4:16  Probe (Chrono Boost)  
  34  4:24  Cybernetics Core  
  34  4:27  Probe (Chrono Boost)  
  35  4:38  Probe (Chrono Boost)  
  36  4:43  Pylon  
  36  4:48  Probe (Chrono Boost)  
  37  4:54  Pylon  
  37  4:58  Probe (Chrono Boost)  
  37  4:59  Probe (Chrono Boost)  
  39  5:08  Photon Cannon  
  39  5:09  Probe (Chrono Boost)  
  39  5:10  Photon Cannon  
  39  5:13  Photon Cannon  
  40  5:16  Pylon  
  40  5:22  Pylon  
  19  6:01  Probe (Chrono Boost)  
  20  6:11  Probe (Chrono Boost)  
  21  6:22  Stargate, Probe (Chrono Boost)  
  21  6:25  Stargate  
  22  6:29  Pylon  
  23  6:32  Probe (Chrono Boost)  
  23  6:33  Photon Cannon  
  23  6:34  Photon Cannon  
  23  6:35  Photon Cannon  
  23  6:40  Photon Cannon  
  23  6:41  Photon Cannon  
  23  6:43  Photon Cannon  
  23  6:47  Pylon  
  23  6:48  Pylon  
  23  7:18  Nexus  
  23  7:21  Pylon  
  25  7:23  Mothership Core (Chrono Boost)  
  25  7:42  Photon Cannon  
  25  7:43  Photon Cannon  
  25  7:44  Photon Cannon  
  25  8:00  Probe (Chrono Boost)  
  25  8:03  Void Ray  
  25  8:04  Void Ray  
  34  8:11  Probe (Chrono Boost)  
  35  8:21  Probe (Chrono Boost)  
  35  8:22  Pylon  
  36  8:32  Probe (Chrono Boost)  
  36  8:33  Probe (Chrono Boost)  
  38  8:42  Probe (Chrono Boost)  
  38  8:44  Probe (Chrono Boost)  
  40  8:54  Probe (Chrono Boost)  
Show
View Real Time Build Order
Export as new Build Order

Genka Terran 

Build Orders:  

Get SALT Encoding   

  12  0:01  SCV  
  13  0:13  SCV  
  14  0:24  Supply Depot  
  14  0:25  SCV  
  15  0:46  SCV  
  15  0:48  Barracks  
  16  0:58  SCV  
  17  1:16  SCV  
  18  1:21  Barracks  
  18  1:28  SCV  
  19  1:35  Barracks  
  19  1:40  Barracks  
  19  1:46  Orbital Command  
  19  1:48  Marine  
  20  2:03  Barracks  
  20  2:10  Supply Depot  
  20  2:15  Marine, Barracks  
  20  2:16  Marine  
  22  2:31  Supply Depot  
  22  2:33  Marine  
  23  2:38  Barracks  
  23  2:41  Marine  
  24  2:44  Marine  
  24  2:47  Marine  
  26  2:59  Marine x2  
  28  3:07  Marine x4  
  32  3:17  Marine x2  
  32  3:18  Supply Depot  
  34  3:24  Marine  
  35  3:27  Marine x3  
  37  3:44  Marine x4  
  37  3:45  Marine x2  
  40  4:02  Marine  
  37  4:03  Marine x5  
  43  4:11  Marine  
  38  4:20  Marine  
  38  4:21  Marine  
  37  4:25  Marine x3  
  26  4:54  Marine  
  26  4:55  Marine x5  
  28  5:12  Marine  
  28  5:13  Marine x4  
  33  6:10  Marine  
  33  6:11  Marine x5  
  39  6:20  Marine  
  36  6:28  Marine x3  
  39  6:47  Supply Depot  
  39  6:48  Supply Depot  
  39  6:53  Marine  
  39  6:56  Marine  
  39  6:57  Marine  
  39  7:06  Marine  
  39  7:08  Marine x2  
  39  7:09  Marine  
  39  7:15  Marine  
  24  7:25  Marine  
  24  7:26  Marine  
Show
View Real Time Build Order
Export as new Build Order

Toshius Protoss 

Build Orders: Phoenix Opening 

Get SALT Encoding   

  12  0:03  Probe (Chrono Boost)  
  13  0:13  Probe (Chrono Boost)  
  14  0:23  Pylon  
  14  0:27  Probe (Chrono Boost)  
  16  0:42  Probe (Chrono Boost)  
  16  0:43  Gateway  
  16  0:52  Forge  
  16  0:55  Probe (Chrono Boost)  
  17  1:02  Assimilator  
  17  1:08  Probe (Chrono Boost)  
  18  1:19  Pylon  
  18  1:20  Probe (Chrono Boost)  
  19  1:31  Zealot  
  21  1:33  Photon Cannon  
  21  1:43  Pylon  
  21  1:45  Probe (Chrono Boost)  
  22  1:53  Cybernetics Core  
  22  1:59  Assimilator  
  22  2:02  Probe (Chrono Boost)  
  23  2:14  Photon Cannon  
  23  2:21  Probe (Chrono Boost)  
  24  2:33  Probe (Chrono Boost)  
  24  2:34  Stargate  
  25  2:42  Photon Cannon  
  25  3:12  Nexus  
  25  3:20  Phoenix  
  27  3:28  Pylon  
  27  4:10  Phoenix  
  27  4:35  Phoenix  
  29  4:52  Stargate  
  29  4:56  Probe x2 (Chrono Boost)  
  31  5:00  Photon Cannon  
  31  5:04  Pylon  
  31  5:07  Assimilator  
  31  5:08  Probe x2 (Chrono Boost)  
  31  5:12  Assimilator  
  31  5:13  Protoss Air Weapons Level 1 (Chrono Boost)  
  33  5:18  Probe (Chrono Boost), Pylon  
  33  5:19  Probe (Chrono Boost)  
  35  5:25  Fleet Beacon  
  35  5:29  Probe x2 (Chrono Boost)  
  37  5:38  Phoenix  
  39  5:51  Phoenix  
  41  6:06  Phoenix  
  41  6:08  Anion Pulse-Crystals  
  43  6:30  Phoenix  
  45  6:36  Photon Cannon  
  45  6:48  Probe x2  
  47  7:04  Pylon  
  47  7:29  Photon Cannon  
  47  7:34  Phoenix x2  
  51  7:37  Pylon  
  51  7:58  Photon Cannon  
  51  7:59  Phoenix x2, Photon Cannon  
  51  8:02  Photon Cannon  
  51  8:03  Photon Cannon  
  55  8:06  Pylon  
  55  8:24  Phoenix x2  
  59  8:51  Phoenix x2  
Show
View Real Time Build Order
Export as new Build Order

Roko Zerg 

Build Orders: Hatch First 

Get SALT Encoding   

  12  0:04  Drone  
  13  0:16  Overlord  
  13  0:23  Drone  
  14  0:35  Drone x2  
  15  0:38  Drone  
  17  1:02  Drone  
  17  1:04  Drone  
  19  1:10  Hatchery  
  18  1:18  Spawning Pool  
  18  1:22  Extractor  
  18  1:23  Drone  
  17  1:26  Drone  
  17  1:32  Drone  
  19  1:50  Drone  
  20  1:59  Overlord  
  20  2:07  Queen  
  20  2:08  Overlord  
  22  2:20  Zergling x2  
  24  2:30  Drone  
  24  2:32  Queen  
  24  2:35  Zergling x2, Metabolic Boost  
  27  2:41  Zergling x2  
  28  2:49  Drone x2  
  30  2:57  Drone  
  31  3:03  Spore Crawler  
  31  3:05  Zergling x4  
  31  3:11  Zergling x2  
  33  3:15  Zergling x2  
  34  3:21  Zergling x2  
  35  3:31  Zergling x6  
  38  3:34  Lair  
  38  3:39  Overlord  
  38  3:40  Overlord  
  36  4:00  Zergling x2  
  36  4:01  Zergling x4  
  40  4:02  Zergling x2  
  40  4:03  Zergling x4  
  33  5:10  Drone x3  
  36  5:17  Drone, Zergling x2, Hydralisk Den  
  36  5:18  Zergling x2  
  36  5:21  Extractor  
  37  5:24  Drone  
  38  5:39  Spore Crawler  
  38  5:42  Drone, Spine Crawler  
  34  6:12  Drone x2  
  34  6:13  Drone x3  
  36  6:23  Drone  
  37  6:30  Zergling x10  
  37  6:31  Zergling x2  
  43  6:39  Spore Crawler  
  42  6:45  Muscular Augments  
  42  6:48  Drone x2  
  44  6:54  Spore Crawler  
  44  6:55  Extractor  
  44  6:58  Extractor  
  44  6:59  Drone x3  
  36  7:52  Drone x2  
  36  7:53  Drone x3  
  41  8:01  Lurker Den  
  41  8:02  Spore Crawler  
  41  8:04  Drone x2, Hydralisk x4  
  50  8:28  Hydralisk  
  50  8:30  Overlord x5  
  52  8:40  Evolution Chamber  
  51  8:41  Hatchery  
  51  8:42  Evolution Chamber  
  51  8:43  Infestation Pit  
  48  8:51  Drone x4  
  48  8:52  Drone  
  53  9:00  Drone x2  
  55  9:04  Drone, Hydralisk x2  
  55  9:09  Drone  
  62  9:10  Drone  
  62  9:17  Hydralisk  
Show
View Real Time Build Order
Export as new Build Order

LexForza Protoss 

Build Orders: Oracle Opening 

Get SALT Encoding   

  12  0:11  Pylon  
  12  0:15  Probe (Chrono Boost)  
  13  0:26  Assimilator  
  13  0:29  Probe (Chrono Boost)  
  13  0:35  Assimilator  
  14  0:46  Gateway  
  14  0:51  Probe (Chrono Boost)  
  15  1:01  Probe (Chrono Boost)  
  16  1:12  Probe (Chrono Boost)  
  16  1:15  Pylon  
  17  1:22  Probe (Chrono Boost)  
  18  1:33  Probe (Chrono Boost)  
  19  1:41  Cybernetics Core  
  19  1:48  Probe (Chrono Boost)  
  20  1:58  Probe (Chrono Boost)  
  21  2:11  Probe (Chrono Boost)  
  22  2:17  Pylon  
  22  2:22  Probe (Chrono Boost), Stargate  
  23  2:32  Probe (Chrono Boost)  
  24  2:37  Stargate  
  24  2:58  Forge  
  24  3:08  Oracle (Chrono Boost)  
  27  3:15  Protoss Air Weapons Level 1 (Chrono Boost)  
  27  3:21  Oracle (Chrono Boost)  
  30  3:45  Oracle (Chrono Boost)  
  33  4:22  Oracle (Chrono Boost)  
  36  4:33  Nexus  
  36  4:59  Nexus  
  36  5:03  Pylon x2  
  36  5:10  Protoss Shields Level 1 (Chrono Boost)  
  36  5:12  Protoss Air Armor Level 1 (Chrono Boost)  
  33  5:58  Probe  
  34  6:06  Void Ray  
  34  6:08  Void Ray  
  34  6:09  Probe  
  40  6:19  Probe  
  40  6:21  Photon Cannon  
  40  6:23  Photon Cannon  
  41  6:30  Probe  
  41  6:32  Stargate  
  42  6:40  Probe  
  43  6:47  Probe  
  43  6:51  Probe  
  45  6:58  Probe  
  46  7:01  Probe  
  46  7:02  Pylon x2  
  47  7:12  Probe  
  48  7:22  Assimilator  
  48  7:23  Probe, Void Ray  
  50  7:33  Probe  
  48  7:44  Probe, Photon Cannon  
  48  7:45  Photon Cannon  
  48  7:47  Photon Cannon  
  49  7:59  Void Ray  
  53  8:16  Pylon  
  53  8:18  Assimilator, Probe  
  53  8:22  Pylon  
  46  8:29  Probe  
  47  8:37  Phoenix  
  47  8:39  Probe  
  47  8:41  Phoenix  
  48  8:48  Phoenix  
  49  8:49  Probe  
  49  8:50  Probe  
  51  9:00  Probe x2  
  53  9:04  Photon Cannon  
Show
View Real Time Build Order
Export as new Build Order

Sturmgott Protoss 

Build Orders:  

Get SALT Encoding   

  12  0:01  Probe (Chrono Boost)  
  13  0:12  Probe (Chrono Boost)  
  14  0:18  Pylon  
  14  0:23  Probe (Chrono Boost)  
  15  0:36  Gateway  
  15  0:39  Probe (Chrono Boost)  
  17  0:50  Assimilator, Probe (Chrono Boost)  
  17  1:00  Probe (Chrono Boost)  
  18  1:18  Gateway  
  18  1:42  Assimilator  
  18  1:47  Probe (Chrono Boost)  
  19  1:54  Cybernetics Core  
  20  2:01  Probe (Chrono Boost)  
  20  2:10  Pylon  
  20  2:12  Probe (Chrono Boost)  
  22  2:30  Warp Gate (Chrono Boost)  
  22  2:35  Mothership Core (Chrono Boost)  
  23  2:52  Twilight Council  
  23  2:53  Probe (Chrono Boost)  
  23  2:54  Pylon  
  24  2:59  Pylon  
  24  3:03  Probe  
  25  3:06  Adept x2  
  29  3:16  Pylon  
  29  3:21  Robotics Facility  
  29  3:24  Gateway  
  29  3:37  Pylon  
  25  4:07  Pylon  
  25  4:26  Blink (Chrono Boost)  
  25  4:30  Stalker x3  
  31  4:49  Observer  
  32  4:54  Stalker  
  32  4:55  Stalker x2  
  38  5:24  Stalker  
  38  5:28  Nexus, Stalker  
  42  5:50  Stalker x2  
  42  5:54  Stalker  
  48  6:27  Pylon  
  46  6:45  Stalker x3  
  46  7:25  Stalker x2  
  46  7:26  Stalker  
  52  7:31  Probe  
  52  7:33  Probe  
  54  7:42  Probe  
  55  7:45  Probe  
  56  7:52  Probe  
  56  7:57  Probe  
  58  8:03  Probe, Pylon  
  59  8:07  Pylon  
  59  8:09  Probe  
  59  8:10  Pylon  
  59  8:12  Assimilator  
  60  8:16  Assimilator  
  60  8:22  Probe  
  60  8:24  Probe  
  62  8:33  Probe  
  62  8:36  Probe  
  62  8:37  Gateway  
  62  8:40  Gateway x2  
  64  8:43  Probe  
  64  8:45  Templar Archives  
  64  8:48  Probe  
  66  8:54  Probe  
  66  9:00  Probe  
  68  9:04  Probe  
  68  9:06  Forge  
  69  9:12  Probe  
  69  9:15  Probe  
  71  9:24  Probe  
  56  9:51  Stalker x3  
Tags
 
Add a new tag
Caveats
  • Supply blocks, unpowered buildings, or Contaminate may cause inaccurate times.
  • Supply counts are checked every 10 seconds.